 Dungeon Crawl Stone Soup version 0.28-a0-691-gad6df49e81 (webtiles) character file.

Game seed: 14109594911868775115

134 lunkers the Skirmisher (level 5, -3/41 HPs)
             Began as a Djinni Cinder Acolyte on Oct 21, 2021.
             Was a High Priest of Ignis.
             Slain by a gnoll (13 damage)
             ... on level 3 of the Dungeon.
             The game lasted 00:05:05 (2735 turns).

lunkers the Skirmisher (Djinni Cinder Acolyte)      Turns: 2735, Time: 00:05:05

Health: -3/41      AC:  5    Str: 13    XL:     5   Next: 40%
Gold:   91         EV: 11    Int: 17    God:    Ignis [*****.] SH:  0 Dex:  8

rFire   + + +      SeeInvis .   a - -1 short sword (flame)
rCold   x . .      Faith    .   (no shield)
rNeg    . . .      Spirit   .   b - +0 robe
rPois   ∞          Reflect  .   (no helmet)
rElec   .          Harm     .   (no cloak)
rCorr   .          Rampage  .   h - +2 pair of gloves
Will    .....                   (boots unavailable)
Stlth   +.........              (no amulet)
HPRegen 0.13/turn               (no ring)
MPRegen 0.00/turn               (no ring)

@: flying, very slightly contaminated
A: sickness immunity, fire resistance 2, cold vulnerability 1, float, innate
caster, hp casting, extra vitality 1
a: Renounce Religion, Sea of Fire, Foxfire Swarm, Rising Flame


You were on level 3 of the Dungeon.
You worshipped Ignis.
Ignis was extremely pleased with you.
You visited 1 branch of the dungeon, and saw 3 of its levels.

You collected 91 gold pieces.

Inventory:

Hand Weapons
 a - a -1 short sword of flaming (weapon)
Armour
 b - a +0 robe (worn)
 h - a +2 pair of gloves (worn)
 i - a +0 buckler
Scrolls
 c - a scroll of vulnerability {unknown}
 e - 4 scrolls of identify {unknown}
 f - a scroll of brand weapon {unknown}
 j - a scroll of fear {unknown}
 k - a scroll of enchant armour {unknown}
 m - a scroll of magic mapping {unknown}
 n - a scroll of enchant weapon {unknown}
Potions
 d - 2 potions of curing {unknown}
 g - a potion of heal wounds {unknown}
 l - a potion of brilliance {unknown}


   Skills:
 + Level 4.1 Fighting
 - Level 2.6 Short Blades
 * Level 3.8 Spellcasting


You had 6 spell levels left.
You knew the following spells:

 Your Spells              Type           Power      Damage    Failure   Level
a - Summon Small Mammal   Summ           64%        N/A       3%          1
b - Blink                 Tloc           N/A        N/A       4%          2
p - Scorch                Fire           32%        2d7       4%          2
Your spell library was empty.

Dungeon Overview and Level Annotations

Branches:
Dungeon (3/15)

Altars:

Shops:
D:2 *


Innate Abilities, Weirdness & Mutations

You are immune to sickness and miasma.
You are immune to poison.
Your flesh is very heat resistant. (rF++)
You are vulnerable to cold. (rC-)
You float through the air rather than walking.
You learn spells naturally, not from books.
Your magical power is your life essence.
You have superior vitality. (+4 HP)


Message History

The gnoll completely misses you.
Unknown command.
Unknown command.
Casting: Scorch (safe; 5% risk of failure)
Press: ? - help, Q - select action, (/) - cycle Dir - look around, f - activate Flames lash the gnoll.
The gnoll is heavily wounded.
The gnoll's fire resistance burns away.
The gnoll closely misses you.
Unknown command.
Unknown command.
Casting: Scorch (safe; 5% risk of failure)
Press: ? - help, Q - select action, (/) - cycle Dir - look around, f - activate Flames lash the gnoll.
The gnoll is burned terribly!
You kill the gnoll!
The gnoll hits you from afar with a +0 spear.
* * * LOW HITPOINT WARNING * * *
Casting: Scorch (safe; 4% risk of failure)
Press: ? - help, Q - select action, (/) - cycle Dir - look around, f - activate You miscast Scorch.
You are very lightly contaminated with residual magic.
Nothing appears to happen.
* * * LOW HITPOINT WARNING * * *
The gnoll is no longer more vulnerable to fire. x2
The gnoll hits you from afar with a +0 spear!
* * * LOW HITPOINT WARNING * * *
Casting: Scorch (safe; 4% risk of failure)
Press: ? - help, Q - select action, (/) - cycle Dir - look around, f - activate Flames lash the gnoll.
You kill the gnoll!
* * * LOW HITPOINT WARNING * * *
Unknown command.
Casting: Scorch (safe; 4% risk of failure)
Press: ? - help, Q - select action, (/) - cycle Dir - look around, f - activate Flames lash the gnoll.
The gnoll is severely wounded.
The gnoll's fire resistance burns away.
* * * LOW HITPOINT WARNING * * *
The gnoll hits you from afar with a +0 halberd!
You die...

.......#................
..#....#................
..####g##..###.)........
..####.g.....+..........
........#.g###..........
.)).)...#.g....)........
...).........###g#######
.............###)..#
.............#..@#.###
.............#.......#
.............+.......#
.............#.......####
..#####.................#
.. ..................#
...............#
#..............#
+..............#


You could see a gnoll (combustible).

Vanquished Creatures
  An orc wizard (D:3)
  3 gnolls (D:3)
  3 adders (D:2)
  2 worms
  2 dart slugs (D:1)
  2 orcs (D:3)
  6 endoplasms
  5 giant cockroaches
  A goblin (D:1)
  2 hobgoblins (D:2)
  2 quokkas (D:2)
  5 ball pythons
  5 bats
  A frilled lizard (D:1)
  3 kobolds
  A rat (D:1)
44 creatures vanquished.

Notes
Turn   | Place    | Note
-------+----------+-------------------------------------------
     0 | D:1      | lunkers the Djinni Cinder Acolyte began the quest for the
                  | Orb.
     0 | D:1      | Reached XP level 1. HP: 20/20 MP: 0/0
   402 | D:1      | Reached XP level 2. HP: 25/25 MP: 0/0
  1147 | D:2      | Reached XP level 3. HP: 15/30 MP: 0/0
  1147 | D:2      | Learned a level 1 spell: Summon Small Mammal
  1614 | D:2      | Reached XP level 4. HP: 24/35 MP: 0/0
  1718 | D:2      | Found Iddiovo's General Store.
  2493 | D:3      | Reached XP level 5. HP: 22/41 MP: 0/0
  2493 | D:3      | Learned a level 2 spell: Blink
  2730 | D:3      | Reached skill level 4 in Fighting
  2735 | D:3      | Slain by a gnoll

Illustrated notes

Levels and vault maps discovered:
D:1:      sevenhm_arrival_forest_fort_small_4, layout_rooms,
          chequers_serial_rivers_marsh, chequers_mini_garden
D:2:      layout_basic, serial_shops, shop, minmay_misc_feat_square,
          minmay_cupped
D:3:      layout_basic, chequers_ecumenical_altar_island, wad_floor_pattern_1,
          minmay_misc_feat_alley, minmay_quantized

Skill      XL: |  1  2  3  4  5 |
---------------+----------------+-----
Spellcasting   | 3 |  3.8
Fighting       | 4 |  4.1
Short Blades   | |  2.6

Action                   |  1- 3 |  4- 6 || total
-------------------------+-------+-------++-------
Melee: Short sword       |    16 |       ||    16
 Cast: Scorch            |    30 |    37 ||    67
Armor: Robe              |     4 |     1 ||     5
Dodge: Dodged            |    14 |    10 ||    24

Table legend: (Time is in decaauts)
 A = Elapsed time spent in this place.
 B = Non-inter-level travel time spent in this place.
 C = Inter-level travel time spent in this place.
 D = Time resting spent in this place.
 E = Time spent auto-exploring this place.
 F = Levels seen in this place.
 G = Mean time per level.
                   A        B        C        D        E       F      G
               +--------+--------+--------+--------+--------+-----+--------+
         Total |   2735 |   2728 |      7 |    163 |   2228 |   3 |  911.7 |
       Dungeon |   2735 |   2728 |      7 |    163 |   2228 |   3 |  911.7 |
               +--------+--------+--------+--------+--------+-----+--------+

Top non-repeatable levels by time:
     D:1: 1463 daAuts
     D:2: 993 daAuts
     D:3: 278 daAuts
